 Dungeon Crawl Stone Soup version 0.28.0-53-g5a82cb258f (webtiles) character file.

Game seed: 5943527200813494054

61 Ashen the Ogre Mage (level 4, -2/41 HPs)
             Began as an Ogre Air Elementalist on June 17, 2022.
             Killed from afar by Natasha (7 damage)
             ... with a magic dart
             ... on level 2 of the Dungeon.
             The game lasted 00:02:46 (1325 turns).

Ashen the Ogre Mage (Ogre Air Elementalist)         Turns: 1325, Time: 00:02:46

Health: -2/41      AC:  3    Str: 12    XL:     4   Next: 7%
Magic:  0/9        EV: 10    Int: 18    God:
Gold:   33         SH:  0    Dex:  9    Spells: 8/9 levels left

rFire   . . .      SeeInvis .   f - +0 whip
rCold   . . .      Faith    .   (no shield)
rNeg    . . .      Spirit   .   a - +0 robe
rPois   .          Reflect  .   (helmet restricted)
rElec   .          Harm     .   (no cloak)
rCorr   .          Rampage  .   (gloves unavailable)
Will    .....                   (boots unavailable)
Stlth   ++........              (no amulet)
HPRegen 0.13/turn               (no ring)
MPRegen 0.11/turn               (no ring)

@: hasted and slowed
A: large, unfitting armour, tough skin 1
a: no special abilities


You were on level 2 of the Dungeon.
You visited 1 branch of the dungeon, and saw 2 of its levels.

You collected 33 gold pieces.

Inventory:

Hand Weapons
 f - a +0 whip (weapon)
Armour
 a - a +0 robe (worn)
Wands
 g - a wand of polymorph (7)
Scrolls
 b - a scroll of teleportation {unknown}
 c - a scroll of enchant weapon {unknown}
 e - a scroll of vulnerability {unknown}


   Skills:
 + Level 1.6 Fighting
 + Level 2.1 Dodging
 + Level 1.7 Stealth
 * Level 3.3 Spellcasting
 + Level 1.3 Conjurations
 + Level 3.0 Air Magic


You had 8 spell levels left.
You knew the following spells:

 Your Spells              Type           Power      Damage    Failure   Level
a - Shock                 Conj/Air       40%        1d5       6%          1

Your spell library contained the following spells:

 Spells                   Type           Power      Damage    Failure   Level
 Static Discharge         Conj/Air       10%        N/A       10%         2
 Swiftness                Air            13%        N/A       14%         3
 Airstrike                Air            6%         N/A       41%         4


Dungeon Overview and Level Annotations

Branches:
Dungeon (2/15)

Altars:
Kikubaaqudgha

Annotations:
D:2 Natasha


Innate Abilities, Weirdness & Mutations

You are too large for most types of armour.
You have tough skin. (AC +1)


Message History

You feel yourself slow down.
You hit Natasha.
Natasha is almost dead.
Natasha completely misses you. The shadow imp closely misses you.
Natasha mumbles some strange words.
You feel disoriented.
Natasha mumbles some strange words.
The shadow imp sputters.
The shadow imp gestures at you.
You barely resist. You barely miss Natasha.
Natasha is almost dead.
Natasha howls an incantation.
Natasha shimmers violently.
Natasha claws you. The shadow imp hits you.
Natasha claws you but does no damage.
Natasha stares at you and mumbles some strange words.
The magic dart hits you!
* * * LOW HITPOINT WARNING * * *
You feel yourself speed up. Natasha claws you.
* * * LOW HITPOINT WARNING * * *
Natasha barely misses you. Natasha closely misses you.
Natasha stares at you and mumbles some strange words.
You feel as though you will be slow longer.
Natasha casts a spell.
Casting: Shock (safe; 6% risk of failure)
Confirm with . or Enter, or press ? or * to list all spells.
Aiming: Shock (safe; 6% risk of failure)
Press: ? - help, Shift-Dir - straight line, f/p - Natasha
Aim: Natasha (almost dead, fast, 60% to hit)
The zap misses Natasha.
The zap hits the iron imp but does no damage.
The shadow imp disappears in a puff of smoke!
Natasha mumbles some strange words.
Natasha mumbles some strange words.
Natasha glows brightly for a moment.
Natasha stares at you and mumbles some strange words.
The magic dart hits you!
You die...

######## ##.# #(.#####..##
.......# ##..# #.###....##
######.## ##..## #.# #....# #
#..####..## #.# #....# ####
##..#...## ###.###....#
..<#####.#.### #..†##.....#
##...###...#######.##.......#
...........55.h..#....#######
.....#####.5####@#..###
...#.#####.§####......#### ###
...#............#.###....## ###..
...##......####...# ####..###...)
......#.#.####...## ##........
....##....##.....## #........
....#..##....##...# ##.._....
......###.......#.## ##........
##...###...######..#####.......##


You could see an iron imp (summoned), Natasha (fast) and a shadow imp
(summoned).

Vanquished Creatures
  Natasha (D:2)
  An adder (D:2)
  3 worms (D:2)
  A ball python (D:2)
  3 bats
  An endoplasm (D:2)
  A giant cockroach (D:2)
  2 goblins
  2 hobgoblins (D:1)
  2 quokkas
  2 frilled lizards (D:1)
  A kobold (D:2)
  A rat (D:2)
21 creatures vanquished.

Notes
Turn   | Place    | Note
-------+----------+-------------------------------------------
     0 | D:1      | Ashen the Ogre Air Elementalist began the quest for the
                  | Orb.
     0 | D:1      | Reached XP level 1. HP: 16/16 MP: 3/3
   311 | D:1      | Reached skill level 1 in Conjurations
   311 | D:1      | Reached XP level 2. HP: 26/26 MP: 2/5
   358 | D:1      | You fall into a shaft and drop 1 floor!
   631 | D:2      | Found an ancient bone altar of Kikubaaqudgha.
   740 | D:2      | Reached skill level 1 in Fighting
   795 | D:2      | Noticed Natasha
   800 | D:2      | Killed Natasha
   801 | D:2      | Reached XP level 3. HP: 33/33 MP: 3/7
  1007 | D:2      | Reached XP level 4. HP: 41/41 MP: 2/8
  1171 | D:2      | Noticed Natasha
  1325 | D:2      | Killed from afar by Natasha

Illustrated notes

Levels and vault maps discovered:
D:1:      shiori_arrival_maze, layout_loops_ring,
          shapermc_ecumenical_altar_totnotflames, nrook_mini_backslash,
          minmay_tiny_reverse_x
D:2:      layout_rooms, basic_altar, uniq_natasha

Skill      XL: |  1  2  3 |
---------------+----------+-----
Conjurations   | 1 |  1.3
Dodging        | 2 |  2.1
Fighting       | 1 |  1.6
Spellcasting   | 3 |  3.3
Air Magic      | 3 |  3.0
Stealth        | |  1.7

Action                   |  1- 3 |  4- 6 || total
-------------------------+-------+-------++-------
Melee: Unarmed           |    18 |       ||    18
       Whip              |       |     3 ||     3
 Cast: Shock             |    44 |    18 ||    62
  Use: Potion            |       |     1 ||     1
Armor: Robe              |    11 |     1 ||    12
Dodge: Dodged            |    20 |    11 ||    31
